 Dungeon Crawl Stone Soup version 0.30-a0-760-g5a9884bb7c (webtiles) character file.

Game seed: 17627279393194841782

1619252 PaperRat the Ninja (level 25, 210/210 HPs)
             Began as a Vampire Necromancer on Feb 10, 2023.
             Was the Champion of Ru.
             Escaped with the Orb
             ... and 3 runes on Feb 11, 2023!
             The game lasted 09:00:55 (74124 turns).

PaperRat the Ninja (Vampire Necromancer)           Turns: 74124, Time: 09:00:56

Health: 210/210    AC: 18    Str: 10    XL:     25   Next: 47%
Magic:  43/43      EV: 27    Int: 35    God:    Ru [******]
Gold:   814        SH:  9    Dex: 16    Spells: 6/56 levels left

rFire   + + .      SeeInvis +    e - staff of air
rCold   + . .      Faith    .    o - +3 buckler {AC+3}
rNeg    + + .      Spirit   .    V - +2 robe {rC+ rF+}
rPois   +          Reflect  .    N - +2 helmet of Gooh {rN+ rCorr Str+5}
rElec   +          Harm     .    O - +2 cloak {Will+}
rCorr   +          Rampage  +    p - +2 pair of gloves {Str+3}
Will    ++++.      Clarity  +    T - +1 pair of boots of Ignis's Esteem {Rampage Fly rF+ rCorr}
Stlth   ++++                     Z - amulet "Ystrea" {RegenMP rPois}
HPRegen 0.75/turn                C - ring of Equilibrium {rElec rCorr EV+5 Int+6 Slay-2}
MPRegen 0.68/turn                B - ring "Fepatagh" {Fly rN+ Will+ Str-5 Int+3, =R}

@: flying, healing quickly, studying Long Blades
A: alive, fangs 3, see invisible, hated by all, inability to train armour,
disrupted magic 1, inexperienced 1, missing an eye, vampiric 2, clarity, clumsy
1, subdued magic 1
0: Orb of Zot
}: 3/15 runes: decaying, slimy, gossamer
a: Exsanguinate, Renounce Religion, Draw Out Power, Power Leap, Apocalypse


You escaped.
You worshipped Ru.
Ru was exalted by your worship.
You visited 12 branches of the dungeon, and saw 55 of its levels.
You visited 1 bazaar.
You also visited: Sewer, Ossuary, Ice Cave and Wizlab.

You collected 9352 gold pieces.
You spent 8538 gold pieces at shops.

Inventory:

Hand Weapons
 a - a +9 dagger of electrocution
 q - a +9 demon blade of electrocution
 E - the +9 staff of Olgreb {rPois∞}
   (You found it on level 1 of the Crypt)

   It enhances your poison magic.
   It grants immunity to poison.
   It can be activated via the 'a'bility menu to radiate toxic energy, with
   effectiveness depending on Evocations skill.
Missiles
 A - a throwing net {!f}
 M - 22 curare-tipped darts (quivered)
Armour
 o - a +3 buckler of protection (worn)
 p - a +2 pair of gloves of strength (worn)
 N - the +2 helmet of Gooh (worn) {rN+ rCorr Str+5}
   (You found it in a wizard's laboratory)

   Str:       It affects your strength (+5).
   rN:        It protects you from negative energy.
   rCorr:     It protects you from acid and corrosion.
 O - a +2 cloak of willpower (worn)
 T - the +1 pair of boots of Ignis's Esteem (worn) {Rampage Fly rF+ rCorr}
   (You found it in an ice cave)

   rF:        It protects you from fire.
   Fly:       It grants you flight.
   rCorr:     It protects you from acid and corrosion.
   Rampage:   It bestows one free step when moving towards enemies.
 V - a +2 robe of resistance (worn)
Magical Staves
 e - a staff of air (weapon)
Jewellery
 h - the ring "Qacetrotz" {rPois Str+4 Int+3 Dex+6 Stlth-}
   (You found it in a wizard's laboratory)

   [ring of dexterity]

   Str:       It affects your strength (+4).
   Int:       It affects your intelligence (+3).
   Dex:       It affects your dexterity (+6).
   rPois:     It protects you from poison.
   Stlth:     It makes you less stealthy.
 B - the ring "Fepatagh" (right hand) {Fly rN+ Will+ Str-5 Int+3, =R}
   (You took it off a deep elf demonologist on level 3 of the Elven Halls)

   [ring of positive energy]

   Str:       It affects your strength (-5).
   Int:       It affects your intelligence (+3).
   rN:        It protects you from negative energy.
   Fly:       It grants you flight.
   Will:      It increases your willpower.
 C - the ring of Equilibrium (left hand) {rElec rCorr EV+5 Int+6 Slay-2}
   (You acquired it on level 5 of the Pits of Slime)

   [ring of evasion]

   EV:        It affects your evasion (+5).
   Int:       It affects your intelligence (+6).
   Slay:      It affects your accuracy & damage with ranged weapons and melee
   (-2).
   rElec:     It insulates you from electricity.
   rCorr:     It protects you from acid and corrosion.
 L - the ring "Pyann" {rF+ rC+ rN+}
   (You found it on level 3 of the Crypt)

   [ring of positive energy]

   rF:        It protects you from fire.
   rC:        It protects you from cold.
   rN:        It protects you from negative energy.
 Z - the amulet "Ystrea" (around neck) {RegenMP rPois}
   (You acquired it on level 3 of the Realm of Zot)

   [amulet of magic regeneration]

   It increases your rate of magic regeneration.
   rPois:     It protects you from poison.
Wands
 b - a wand of iceblast (51)
 c - a wand of acid (9)
 d - a wand of digging (8)
 n - a wand of paralysis (9)
 z - a wand of mindburst (29)
Scrolls
 g - 5 scrolls of immolation
 k - 9 scrolls of blinking {@r5}
 l - 11 scrolls of fog {@r2}
 r - 6 scrolls of amnesia
 t - 5 scrolls of vulnerability
 y - 32 scrolls of teleportation {@r3}
 D - 5 scrolls of silence
 J - 12 scrolls of fear {@r4}
 U - 8 scrolls of poison
 X - 2 scrolls of enchant armour
Potions
 i - 8 potions of lignification
 j - 9 potions of magic
 u - 6 potions of cancellation
 x - 14 potions of haste {@q4}
 F - 11 potions of ambrosia
 H - 18 potions of curing {@q1}
 K - 6 potions of mutation {@q6}
 P - 18 potions of might {@q3}
 Q - 8 potions of brilliance {@q5}
 R - 8 potions of invisibility
 W - 14 potions of heal wounds {@q2}
 Y - 7 potions of resistance
Miscellaneous
 m - a phial of floods
 s - a tin of tremorstones (2/2)
 I - a lightning rod (4/4)
 S - a condenser vane


   Skills:
 - Level 20.0 Fighting
 - Level 10.0(13.2) Short Blades
 - Level 12.8(14.0) Long Blades
 - Level 2.0 Maces & Flails
 + Level 17.5 Dodging
 O Level 27 Stealth
 - Level 6.0 Shields
 - Level 16.0 Spellcasting
 - Level 20.0 Hexes
 - Level 12.0 Necromancy
 - Level 3.0 Translocations
 - Level 10.0 Transmutations
 - Level 1.0 Fire Magic
 - Level 22.0 Air Magic
 - Level 10.0 Earth Magic
 - Level 3.0 Poison Magic
 - Level 10.0 Evocations


You had 6 spell levels left.
You knew the following spells:

 Your Spells              Type           Power      Damage    Failure   Level
a - Borgnjor's Vile Clut  Necr/Erth      34%        N/A       1%          5
b - Confusing Touch       Hex            92%        N/A       1%          3
c - Ignite Poison         Fire/Tmut/Pois 46%        N/A       1%          3
d - Airstrike             Air            59%        2d(9-25)  1%          4
f - Enfeeble              Hex            46%        N/A       1%          7
g - Passwall              Tmut/Erth      55%        N/A       1%          2
h - Swiftness             Air            100%       N/A       1%          3
i - Maxwell's Capacitive  Air            59%        ∞         1%          8
s - Petrify               Tmut/Erth      66%        N/A       1%          4
t - Blink                 Tloc           74%        N/A       1%          2
v - Yara's Violent Unrav  Hex/Tmut       40%        3d16      1%          5
x - Dispel Undead         Necr           72%        3d24      1%          4

Your spell library contained the following spells:

 Spells                   Type           Power      Damage    Failure   Level
 Foxfire                  Conj/Fire      96%        2x1d8     1%          1
 Kiss of Death            Conj/Necr      100%       2d13      1%          1
 Necrotise                Necr           100%       1d9       1%          1
 Sandblast                Erth           100%       2d20      1%          1
 Shock                    Conj/Air       100%       1d9       1%          1
 Cigotuvi's Dreadful Rot  Necr/Pois/Air  100%       N/A       1%          2
 Lesser Beckoning         Tloc           74%        N/A       1%          2
 Momentum Strike          Conj/Tloc      58%        3d9       1%          2
 Poisonous Vapours        Pois/Air       100%       N/A       1%          2
 Static Discharge         Conj/Air       100%       2-7/arc   1%          2
 Sublimation of Blood     Necr           72%        N/A       1%          2
 Wereblood                Tmut           66%        N/A       1%          2
 Inner Flame              Hex/Fire       67%        N/A       1%          3
 Kindle Blastsparks       Fire/Tloc/Air  100%       2d18      1%          3
 Mephitic Cloud           Conj/Pois/Air  79%        N/A       1%          3
 Portal Projectile        Hex/Tloc       100%       N/A       1%          3
 Spider Form              Tmut/Pois      54%        N/A       1%          3
 Stone Arrow              Conj/Erth      96%        3d13      1%          3
 Vampiric Draining        Necr           72%        2d11      1%          3
 Vhi's Electric Charge    Tloc/Air       100%       N/A       1%          3
 Anguish                  Hex/Necr       41%        N/A       1%          4
 Cause Fear               Hex            46%        N/A       1%          4
 Fulminant Prism          Conj/Hex       33%        3d15      1%          4
 Leda's Liquefaction      Hex/Erth       40%        N/A       1%          4
 Agony                    Necr           72%        N/A       1%          5
 Arcjolt                  Conj/Air       44%        1d54      1%          5
 Lee's Rapid Deconstruct  Erth           33%        3d17*     1%          5
 Lightning Bolt           Conj/Air       44%        1d63      1%          5
 Ice Form                 Ice/Tmut       48%        N/A       3%          4
 Freezing Cloud           Conj/Ice/Air   37%        6-21      3%          5
 Conjure Ball Lightning   Conj/Air       44%        3x3d15    3%          6
 Alistair's Intoxication  Tmut/Pois      36%        N/A       4%          5
 Statue Form              Tmut/Erth      44%        N/A       5%          6
 Frozen Ramparts          Ice            42%        1d7       6%          3
 Hailstorm                Conj/Ice       21%        3d6       6%          3
 Olgreb's Toxic Radiance  Pois           37%        N/A       6%          4
 Passage of Golubria      Tloc           37%        N/A       6%          4
 Irradiate                Conj/Tmut      24%        3d19      8%          5
 Iskenderun's Mystic Bla  Conj/Tloc      29%        2d7       11%         4
 Flame Wave               Conj/Fire      24%        2d8       17%         4
 Sticky Flame             Conj/Fire      24%        2d5       17%         4
 Eringya's Noxious Bog    Tmut/Pois      27%        N/A       22%         6
 Iron Shot                Conj/Erth      24%        9d5       36%         6
 Fireball                 Conj/Fire      12%        3d7       41%         5
 Iskenderun's Battlesphe  Conj           21%        2d7       47%         5
 Starburst                Conj/Fire      12%        6d5       93%         6
 Storm Form               Tmut/Air       52%        N/A       2%          7
 Dragon Form              Tmut           33%        N/A       28%         7
 Orb of Destruction       Conj           10%        9d6       100%        7
 Ozocubu's Refrigeration  Ice            10%        4d9       100%        7
 Ignition                 Fire           13%        3d6       100%        8
 Lehudib's Crystal Spear  Conj/Erth      24%        10d7      100%        8
 Summon Guardian Golem    Hex/Summ       Unusable   N/A       N/A         3
 Tukima's Dance           Hex            Unusable   N/A       N/A         3
 Animate Dead             Necr           Unusable   N/A       N/A         4
 Summon Lightning Spire   Summ/Air       Unusable   N/A       N/A         4
 Summon Small Mammal      Summ           Unusable   N/A       N/A         1
 Call Canine Familiar     Summ           Unusable   N/A       N/A         3
 Summon Ice Beast         Ice/Summ       Unusable   N/A       N/A         4
 Simulacrum               Ice/Necr       Unusable   N/A       N/A         6
 Spellforged Servitor     Conj/Summ      Unusable   N/A       N/A         7
 Summon Hydra             Summ           Unusable   N/A       N/A         7
 Dragon's Call            Summ           Unusable   N/A       N/A         9

Dungeon Overview and Level Annotations

Branches:
Dungeon (15/15)            Temple (1/1) D:6            Lair (5/5) D:9
  Swamp (4/4) Lair:2       Spider (4/4) Lair:3        Slime (5/5) Lair:5
    Orc (2/2) D:9             Elf (3/3) Orc:2        Vaults (4/5) D:13
  Crypt (3/3) Vaults:2       Tomb (0/3) Crypt:3      Depths (4/4) D:15
    Zot (5/5) Depths:4      Sewer (visited)         Ossuary (visited)
  IceCv (visited)          WizLab (visited)

Altars:
Ashenzari
Cheibriados
Dithmenos
Gozag
Kikubaaqudgha
Makhleb
Nemelex Xobeh
Okawaru
Qazlal
Ru
Sif Muna
Trog
Uskayaw
Vehumet
Wu Jian
Xom

Shops:
D:10 :   D:14 *   Orc:2 **[:   Elf:1 [   Elf:2 (   Elf:3 *   Vaults:2 *
Zot:3 *   Depths:3 :

Portals:
Hell: Depths:1 Depths:2 Depths:3 Depths:4
Abyss: Depths:3
Pandemonium: Depths:2 Depths:3
Ziggurat: Depths:2

Annotations:
Elf:2 3 runed translucent doors, exclusion: 3 doors
Zot:4 2 transporters


Innate Abilities, Weirdness & Mutations

Your natural rate of healing is accelerated.
You have razor-sharp teeth.
You have supernaturally acute eyesight. (SInv)
You are hated by all.
You cannot train Armour skill.
Your casting is slightly disrupted.
You are somewhat inexperienced. (-1 XL)
You are missing an eye, making it more difficult to aim.
You are afflicted with vampirism and can become a bat while bloodless.
You possess an exceptional clarity of mind.
You are clumsy. (Dex -2)
Your spells are a little easier to cast, but a little less powerful.


Message History

Aiming: Airstrike (safe; 1% risk of failure)
Press: ? - help, Dir - move target, f/p - reaper
Aim: a reaper, wielding a +4 vampiric scythe (lightly wounded, constricted by zombie hands, empty space bonus: 8/8)
You feel a surge of power!
The air twists around and strikes the reaper.
The reaper is lightly wounded.
The zombie hands constrict the reaper!
The reaper struggles to escape constriction.
Casting: Airstrike (safe; 1% risk of failure)
Confirm with . or Enter, or press ? or * to list all spells.
Aiming: Airstrike (safe; 1% risk of failure)
Press: ? - help, Dir - move target, f/p - reaper
Aim: a reaper, wielding a +4 vampiric scythe (moderately wounded, constricted by zombie hands, empty space bonus: 8/8)
You feel a surge of power!
The air twists around and strikes the reaper!!
The reaper is severely wounded.
The zombie hands constrict the reaper.
The reaper struggles to escape constriction.
Casting: Airstrike (safe; 1% risk of failure)
Confirm with . or Enter, or press ? or * to list all spells.
Aiming: Airstrike (safe; 1% risk of failure)
Press: ? - help, Dir - move target, f/p - reaper
Aim: a reaper, wielding a +4 vampiric scythe (severely wounded, constricted by zombie hands, empty space bonus: 8/8)
You feel a surge of power!
The air twists around and strikes the reaper!
The reaper is almost dead.
The zombie hands constrict the reaper!
You kill the reaper!
(D) Dungeon (T) Temple (L) Lair (S) Swamp (N) Spider Nest (M) Slime Pits (O) Orcish Mines (E) Elven Halls (V) Vaults (C) Crypt (W) Tomb (U) Depths (H) Hell (Z) Zot
Where to? (Enter - D:1 @ (x,y), ? - help)
You see here a +4 vampiric scythe.
There is a stone staircase leading up here.
You fly upwards.
There is a stone staircase leading down here.
Magic restored.
There is a staircase leading out of the dungeon here.
You have escaped!

###.....#...#...#.....## #..
##....#...#..#..#...#...####..
#......#..#..#..#..#......####
#.#.....#..#.#.#..#.....#.# #
#.#..#...#.#.#.#.#...#..#.####
#.#...##..#.#.#.#..##.......##
#.#.....##.#...#.##.........##
#.#.......#.....#...........##
#.#.######...@...######.......
#.#.......#.....#............#
#.#.....##.#...#.##...........
#.#...##..#.#.#.#..##.......#.
###....#...#.#.#.#.#...#......#.
#.........#..#.#.#..#.....#.####
#.###....#..#..#..#..#....#.##..
#.# #...#...#..#..#...#..##.....
#.# #......#...#...#.......#....


There were no monsters in sight!

Vanquished Creatures
  the Royal Jelly (Slime:5)
  A dread lich (Zot:5)
  5 ancient liches
  The ghost of Rarotz the Sorcerer, a legendary DjCj of Ashenzari (Zot:3)
  Mara (Swamp:3)
  7 orbs of fire
  Bai Suzhen (Swamp:3)
  2 Killer Klowns (Zot:5)
  Boris (Crypt:2)
  A curse toe (Zot:3)
  7 golden dragons
  Jory (Crypt:1)
  3 Brimstone Fiends
  2 electric golems (Zot:5)
  2 bone dragons (Crypt:3)
  A shard shrike zombie (Crypt:3)
  20 tentacled monstrosities
  A doom hound (Crypt:1)
  Mlioglotl (Swamp:2)
  A moon troll (WizLab)
  10 liches
  24 Orb Guardians (Zot:5)
  2 deep elf blademasters (Elf:3)
  Asterion (Spider:2)
  7 quicksilver dragons
  11 death cobs
  2 deep elf master archers (Elf:3)
  7 ancient champions
  Frances (Elf:1)
  10 sphinxes
  21 acid blobs
  4 tengu reavers
  10 tentacled starspawn (WizLab)
  The ghost of Golieps the Fencer, an adept DgGl (Elf:3)
  5 shadow dragons
  Donald (Spider:2)
  5 rockslimes (Slime:5)
  16 storm dragons
  16 azure jellies
  The ghost of kae the Destroyer, a journeyman GrEE of Vehumet (Orc:1)
  4 revenants
  5 deep elf sorcerers (Elf:3)
  3 draconian monks
  A spectral juggernaut (Crypt:1)
  5 draconian knights
  An iron dragon (Depths:4)
  8 fire giants
  3 emperor scorpions
  8 ghost moths
  7 vault wardens
  2 frost giants
  A draconian scorcher (Zot:1)
  A juggernaut zombie (Crypt:2)
  6 draconian shifters
  3 deep elf elementalists (Elf:3)
  Louise (Swamp:3)
  3 draconian stormcallers
  5 cacodemons
  An orc warlord (Vaults:4)
  18 ironbound preservers
  A caustic shrike zombie (Crypt:3)
  2 reapers
  2 spriggan defenders (Depths:1)
  9 ghouls
  2 war gargoyles
  3 draconian annihilators
  23 very ugly things
  12 quicksilver oozes
  9 ironbound thunderhulks
  16 stone giants
  A broodmother (Spider:3)
  7 green draconians
  5 deep elf demonologists (Elf:3)
  A juggernaut skeleton (Crypt:3)
  Nessos (Lair:3)
  8 eleionomae
  12 black draconians
  7 purple draconians
  8 vampire knights
  12 white draconians
  3 starcursed masses (WizLab)
  4 bunyips
  9 red draconians
  4 deep elf annihilators
  11 dire elephants
  8 spark wasps
  8 ettins
  10 yellow draconians
  6 jiangshi
  2 eidola
  2 blizzard demons (Depths:1)
  7 deep elf death magi
  3 green deaths
  A merfolk impaler (Orc:1)
  A merfolk javelineer (Depths:3)
  3 crystal guardians
  Snorg (D:12)
  7 yaktaur captains
  2 entropy weavers (Spider:4)
  2 shambling mangroves
  18 great orbs of eyes
  9 fire dragons
  2 spriggan zombies
  Josephine (Lair:4)
  6 deep elf high priests
  2 spectral spriggans (Crypt:1)
  A jorogumo (Spider:3)
  3 vault guards (Vaults:2)
  A rakshasa (D:15)
  15 ice dragons
  15 hydras
  3 hell beasts
  A jorogumo (shapeshifter) (Depths:2)
  2 quicksilver dragon skeletons
  6 ironbound frosthearts
  A spectral shadow dragon (Crypt:1)
  2 peacekeepers
  3 radroaches
  3 death knights
  12 centaur warriors
  An ogre mage (D:13)
  The ghost of MCDelver the Arsonist, a journeyman OpFE of Gozag (Lair:1)
  8 boulder beetles
  9 dancing weapons
  3 fenstrider witch skeletons
  3 spriggan air magi
  A naga warrior (Orc:1)
  4 death yaks
  9 two-headed ogres
  11 deep troll shamans
  2 azure jelly zombies
  4 spriggan skeletons
  7 tengu warriors
  10 alligators
  A titan zombie (Crypt:2)
  A death scarab (Spider:4)
  A bennu skeleton (Crypt:3)
  A spectral storm dragon (Crypt:1)
  7 deep troll earth magi
  A spectral dire elephant (Crypt:1)
  6 orc high priests
  6 spriggan berserkers
  8 deep elf knights
  9 vampire magi
  3 soul eaters (Depths:1)
  15 spriggans
  A death drake (Depths:3)
  3 shadow wraiths (Crypt:1)
  A sun moth (Spider:3)
  3 sixfirhies (Depths:1)
  2 pharaoh ants
  4 titan skeletons
  A spark wasp zombie (Crypt:1)
  56 skeletal warriors
  9 iron trolls
  16 glowing orange brains
  6 goliath frogs
  4 spriggan druids
  An anaconda zombie (Crypt:2)
  A bunyip zombie (Crypt:1)
  A storm dragon skeleton (Crypt:3)
  An orange crystal statue (WizLab)
  3 swamp dragons
  74 deep trolls
  3 orb spiders
  6 flayed ghosts
  4 bog bodies
  2 obsidian statues
  3 spriggan simulacra (Crypt:1)
  8 deep elf archers
  7 steelbarb worms
  3 lindwurms (Depths:3)
  19 ironbound convokers
  16 orc knights
  22 deep elf zephyrmancers
  A fenstrider witch simulacrum (Crypt:2)
  A golden dragon skeleton (Crypt:3)
  8 wizards
  2 shadow dragon skeletons (Crypt:2)
  11 harpies
  8 necromancers
  30 deep elf pyromancers
  A frost giant zombie (Vaults:1)
  13 phantasmal warriors
  2 oklob plants (Depths:3)
  An orc sorcerer (Orc:2)
  A shining eye (shapeshifter) (D:15)
  A spectral alligator snapping turtle (Crypt:1)
  44 ugly things
  19 wolf spiders
  9 manticores
  8 cyclopes
  2 iron dragon skeletons
  21 moths of wrath
  2 will-o-the-wisps
  A manticore (shapeshifter) (D:13)
  5 shining eyes
  5 black mambas
  A rust devil (Depths:1)
  Joseph (D:7)
  A dire elephant zombie (Crypt:2)
  3 elf zombies
  7 torpor snails
  4 smoke demons (Depths:1)
  A stone giant skeleton (Crypt:2)
  7 vault sentinels
  6 demonic crawlers
  8 eyes of devastation
  Maggie (D:7)
  An ice statue (IceCv)
  3 gargoyles
  An unseen horror (D:11)
  2 orange demons (Depths:1)
  5 dire elephant skeletons
  A hellion (Depths:1)
  6 komodo dragons
  A green draconian zombie (Crypt:2)
  4 rime drakes
  8 centaur skeletons
  17 cane toads
  An alligator snapping turtle skeleton (Crypt:3)
  A kobold demonologist (D:12)
  A death yak zombie (Crypt:3)
  9 freezing wraiths
  An anaconda simulacrum (Crypt:1)
  2 tengu conjurers (Depths:1)
  An efreet (D:13)
  25 yaktaurs
  A human skeleton (Vaults:2)
  A red devil (Depths:3)
  7 trolls
  A meliai (shapeshifter) (Elf:3)
  2 ice devils (Depths:3)
  2 harpy zombies
  5 polar bears
  4 meliai
  13 hornets
  A spectral harpy (Crypt:1)
  12 tyrant leeches
  A wind drake (shapeshifter) (Elf:3)
  13 blink frogs
  6 harpy skeletons
  A deep troll zombie (Vaults:2)
  2 hydra skeletons
  An ettin zombie (Crypt:1)
  20 tarantellas
  A fire dragon zombie (Crypt:3)
  A tengu simulacrum (Vaults:4)
  5 dream sheep (Lair:3)
  An ice dragon zombie (Crypt:2)
  An air elemental (Elf:2)
  13 flying skulls
  22 jumping spiders
  A centaur simulacrum (Crypt:1)
  An ettin skeleton (Crypt:3)
  2 black mamba zombies
  10 water elementals
  81 slime creatures
  An ice dragon skeleton (Crypt:3)
  10 wraiths
  32 yaks
  7 wyverns
  An alligator skeleton (Crypt:3)
  9 culicivoras
  A black mamba skeleton (Crypt:3)
  2 ynoxinuls
  A human (shapeshifter) (Elf:3)
  A fire elemental (Elf:2)
  Grum (D:8)
  3 basilisks
  28 golden eyes
  A vampire (D:12)
  5 neqoxecs
  20 vampire mosquitoes
  A golden eye (shapeshifter) (Elf:3)
  4 steam dragons
  A redback simulacrum (D:15)
  32 redbacks
  3 chaos spawn
  20 swamp worms
  5 wargs
  Menkaure (D:6)
  A naga zombie (Crypt:2)
  A warg (shapeshifter) (Elf:3)
  Edmund (D:6)
  2 acid dragons
  A glowing shapeshifter zombie (Vaults:4)
  15 hydra simulacra (Swamp:4)
  4 naga skeletons (Crypt:3)
  16 water moccasins
  A glowing shapeshifter skeleton (Crypt:3)
  4 hell hounds (Depths:3)
  An ogre skeleton (Vaults:4)
  2 floating eyes (Depths:2)
  5 swamp drakes
  43 orc warriors
  A demonspawn skeleton (Crypt:3)
  4 great orb of eyes simulacra (IceCv)
  2 ice beasts (D:7)
  3 black bears
  2 sky beasts
  4 human zombies
  9 wolves
  9 ogres
  A wolf (shapeshifter) (Elf:3)
  15 centaurs
  A swamp dragon skeleton (Crypt:2)
  A swamp dragon zombie (Crypt:1)
  A lindwurm skeleton (Crypt:2)
  2 slime creature simulacra (IceCv)
  6 kobold brigands
  14 bullfrogs
  2 earth elementals
  7 necrophages
  A gnoll sergeant (D:8)
  A two-headed ogre simulacrum (Crypt:1)
  2 glowing shapeshifter simulacra (IceCv)
  A wyvern skeleton (Crypt:3)
  2 scorpions (D:5)
  2 wights (D:8)
  A komodo dragon skeleton (Crypt:1)
  8 killer bees
  A water moccasin skeleton (Crypt:1)
  3 electric eels
  7 howler monkeys
  6 centaur zombies (Ossuary)
  A hound (shapeshifter) (Elf:3)
  2 jellies
  2 gnoll boudas
  43 orc priests
  A bullfrog skeleton (Crypt:2)
  3 hounds
  Ijyb (D:3)
  20 orc wizards
  3 shapeshifter simulacra (IceCv)
  6 hell rats
  A hound zombie (Crypt:2)
  6 mummies (Ossuary)
  13 gnolls
  8 adders
  A river rat (D:5)
  2 shadow imps (D:7)
  3 white imps
  2 ufetubi
  8 swamp drake simulacra (Swamp:4)
  A worm (D:2)
  2 dart slugs
  75 orcs
  7 endoplasms
  3 giant cockroaches
  A giant cockroach (shapeshifter) (Elf:3)
  3 goblins
  6 hobgoblins
  5 jackals (D:3)
  10 quokkas
  5 ball pythons
  A ball python zombie (Crypt:1)
  10 bats
  5 frilled lizards
  A hobgoblin skeleton (Crypt:1)
  3 hobgoblin zombies (Ossuary)
  12 kobolds
  2 orc skeletons (Crypt:1)
  10 rats
  A rat zombie (D:6)
  4 starspawn tentacles (WizLab)
2311 creatures vanquished.

Vanquished Creatures (collateral kills)
  A steam dragon (D:9)
  A gnoll (D:3)
  A dart slug (D:1)
  An orc (D:8)
  A bat (Sewer)
  An endoplasm (D:2)
  A rat (D:1)
7 creatures vanquished.

Vanquished Creatures (others)
  2 golden dragons
  An Orb Guardian (Zot:5)
  A tentacled monstrosity (Depths:3)
  A draconian stormcaller (Zot:3)
  A ghoul (Crypt:1)
  A deep elf elementalist (Elf:3)
  A stone giant (WizLab)
  A very ugly thing (Vaults:4)
  A hydra (Lair:4)
  A jorogumo (Spider:4)
  A deep elf knight (Elf:2)
  3 deep trolls
  An ugly thing (Vaults:4)
  A komodo dragon (Lair:3)
  An anaconda simulacrum (Crypt:1)
  A bloated husk (Swamp:2)
  A water elemental (Depths:3)
  A yak (Lair:1)
  A vampire mosquito (Swamp:1)
  A swamp worm (Swamp:4)
  A swamp drake (Depths:3)
  A gnoll (D:8)
  An orc (Vaults:4)
  A demonic plant (WizLab)
  50 fungi
  125 plants
  14 starspawn tentacles (WizLab)
216 creatures vanquished.

Grand Total: 2534 creatures vanquished

Notes
Turn   | Place    | Note
-------+----------+-------------------------------------------
     0 | D:1      | PaperRat the Vampire Necromancer began the quest for the
                  | Orb.
     0 | D:1      | Reached XP level 1. HP: 13/13 MP: 3/3
   294 | D:1      | Reached skill level 1 in Fighting
   294 | D:1      | Reached XP level 2. HP: 21/21 MP: 0/5
   886 | D:2      | Gained mutation: You are afflicted with vampirism and can
                  | become a bat while bloodless. [Vampire growth]
   886 | D:2      | Reached XP level 3. HP: 26/26 MP: 6/6
   981 | D:2      | Learned a level 3 spell: Vampiric Draining
   996 | D:2      | Reached skill level 4 in Stealth
  1139 | D:2      | Reached skill level 5 in Necromancy
  1508 | D:2      | Reached XP level 4. HP: 33/33 MP: 5/7
  1939 | D:3      | Noticed a centaur
  2010 | D:3      | Noticed Ijyb
  2017 | D:3      | Killed Ijyb
  2438 | D:3      | Reached XP level 5. HP: 39/39 MP: 5/8
  2710 | D:3      | Killed a centaur
  3584 | D:4      | Identified the +2 kite shield of Kleptomania {rElec rCorr
                  | Str+3}
  3691 | D:4      | Learned a level 4 spell: Airstrike
  4203 | D:4      | Reached XP level 6. HP: 47/47 MP: 5/10
  4226 | D:4      | Reached skill level 1 in Air Magic
  4357 | D:4      | You fall into a shaft and drop 1 floor!
  4357 | D:5      | Entered Level 5 of the Dungeon
  4438 | D:5      | Found a glowing drain.
  4444 | Sewer    | Entered a sewer
  4470 | Sewer    | Noticed a water moccasin
  4489 | Sewer    | Killed a water moccasin
  4490 | Sewer    | Reached skill level 5 in Stealth
  4683 | D:5      | Reached XP level 7. HP: 53/53 MP: 11/11
  4874 | D:5      | Found a radiant altar of Vehumet.
  5774 | D:6      | Reached skill level 1 in Evocations
  5843 | D:6      | Found an iron altar of Okawaru.
  5866 | D:6      | Found a sand-covered staircase.
  5883 | D:6      | Noticed Menkaure
  5888 | D:6      | Killed Menkaure
  5889 | D:6      | Reached skill level 5 in Air Magic
  5889 | D:6      | Reached XP level 8. HP: 61/61 MP: 12/12
  5892 | D:6      | Learned a level 2 spell: Static Discharge
  5926 | D:6      | Reached skill level 5 in Fighting
  5963 | Ossuary  | Entered an ossuary
  6180 | D:6      | Noticed Edmund
  6343 | D:6      | Killed Edmund
  6662 | D:6      | Found a staircase to the Ecumenical Temple.
  6676 | D:6      | Reached XP level 9. HP: 69/69 MP: 14/14
  6703 | Temple   | Entered the Ecumenical Temple
  6909 | Temple   | Became a worshipper of Ru the Awakened
  7195 | D:6      | Found a staircase to the Ecumenical Temple.
  7409 | D:6      | Found an iron altar of Okawaru.
  7802 | D:7      | Found an iron altar of Okawaru.
  7916 | D:7      | Reached skill level 1 in Maces & Flails
  8317 | D:7      | Noticed Maggie
  8376 | D:7      | Killed Maggie
  8500 | D:7      | Reached skill level 5 in Spellcasting
  8639 | D:7      | Found a bloodstained altar of Trog.
  8646 | D:7      | Identified the +0 animal skin of the Thirteen Nights {*Slow
                  | +Blink +Inv Dex+5}
  8787 | D:7      | Learned a level 3 spell: Swiftness
  8986 | D:7      | Noticed Joseph
  9332 | D:7      | Gained mutation: Your casting is slightly disrupted. [Ru
                  | sacrifice]
  9332 | D:7      | Reached * piety under Ru
  9359 | D:7      | Killed Joseph
  9462 | D:7      | Found a basalt altar of Yredelemnul.
  9574 | D:8      | Noticed a two-headed ogre
  9581 | D:8      | Found an opulent altar of Gozag.
  9639 | D:8      | Reached XP level 10. HP: 77/77 MP: 13/18
  9666 | D:8      | Noticed Grum
  9784 | D:8      | Killed Grum
  9803 | D:8      | Found a shadowy altar of Dithmenos.
  9957 | D:8      | Noticed a cyclops
  9973 | D:8      | Noticed a two-headed ogre
  9975 | D:8      | Killed a two-headed ogre
  9976 | D:8      | Killed a cyclops
 10122 | D:8      | Learned a level 4 spell: Petrify
 10147 | D:8      | Killed a two-headed ogre
 10148 | D:8      | Reached skill level 1 in Transmutations
 10148 | D:8      | Reached skill level 1 in Earth Magic
 11335 | D:9      | Reached skill level 10 in Air Magic
 11385 | D:9      | Found a staircase to the Lair.
 11471 | D:9      | Reached XP level 11. HP: 66/86 MP: 1/20
 12035 | D:9      | Noticed a two-headed ogre
 12042 | D:9      | Killed a two-headed ogre
 12181 | D:9      | Found a staircase to the Orcish Mines.
 12309 | D:9      | Reached skill level 5 in Transmutations
 12661 | Lair:1   | Entered Level 1 of the Lair of Beasts
 12924 | Lair:1   | Reached skill level 5 in Earth Magic
 13407 | Lair:1   | Gained mutation: You are hated by all. [Ru sacrifice]
 13407 | Lair:1   | Reached ** piety under Ru
 13407 | Lair:1   | Reached *** piety under Ru
 13603 | Lair:1   | Found a runed translucent door.
 13603 | Lair:1   | Noticed MCDelver's ghost (journeyman OpFE)
 14310 | Lair:1   | Killed MCDelver's ghost
 14950 | Lair:2   | Reached skill level 6 in Stealth
 14979 | Lair:1   | Reached XP level 12. HP: 71/92 MP: 3/21
 15533 | Lair:2   | Noticed a death yak
 15929 | Lair:1   | Killed a death yak
 15930 | Lair:1   | Reached skill level 7 in Stealth
 16633 | Lair:2   | Found a staircase to the Swamp.
 16806 | Lair:2   | Reached skill level 8 in Stealth
 18271 | Lair:3   | Noticed Nessos
 18285 | Lair:3   | Killed Nessos
 18311 | Lair:3   | Reached skill level 5 in Evocations
 18542 | Lair:3   | Found a hole to the Spider Nest.
 18917 | Lair:3   | Gained mutation: You cannot train Armour skill. [Ru
                  | sacrifice]
 18917 | Lair:3   | Reached **** piety under Ru
 19079 | Lair:4   | Noticed a death yak
 19099 | Lair:4   | Noticed an eight-headed hydra
 19111 | Lair:4   | Killed an eight-headed hydra
 19114 | Lair:4   | Identified the +0 pair of boots of Vodits {rN+}
 19504 | Lair:4   | Noticed a death yak
 19527 | Lair:4   | Killed a death yak
 19698 | Lair:4   | Killed a death yak
 19699 | Lair:4   | Reached skill level 1 in Short Blades
 19699 | Lair:4   | Reached XP level 13. HP: 101/101 MP: 3/23
 19907 | Lair:4   | Noticed Josephine
 19911 | Lair:4   | Killed Josephine
 20233 | Lair:4   | Learned a level 5 spell: Yara's Violent Unravelling
 20234 | Lair:5   | Entered Level 5 of the Lair of Beasts
 20291 | Lair:5   | Reached skill level 10 in Transmutations
 20708 | Lair:5   | Reached skill level 9 in Stealth
 21130 | Lair:5   | Reached skill level 10 in Stealth
 21250 | Lair:5   | Reached skill level 5 in Short Blades
 21268 | Lair:5   | Reached skill level 10 in Fighting
 21449 | Lair:5   | Learned a level 3 spell: Ignite Poison
 21533 | Lair:5   | Reached skill level 1 in Hexes
 21575 | Lair:5   | Found a staircase to the Slime Pits.
 21600 | Lair:5   | Reached skill level 1 in Poison Magic
 21832 | Lair:5   | Identified the +0 robe "Tozxong" {Str+5}
 22082 | Orc:1    | Entered Level 1 of the Orcish Mines
 22118 | Orc:1    | Gained mutation: You are somewhat inexperienced. (-1 XL)
                  | [Ru sacrifice]
 22118 | Orc:1    | Reached XP level 12. HP: 97/97 MP: 24/24
 22118 | Orc:1    | Reached ***** piety under Ru
 22357 | Orc:2    | Entered Level 2 of the Orcish Mines
 22448 | Orc:2    | Found a staircase to the Elven Halls.
 22538 | Orc:2    | Reached skill level 1 in Fire Magic
 22979 | Orc:2    | Found a radiant altar of Vehumet.
 23197 | Orc:1    | Found a runed translucent gate.
 23197 | Orc:1    | Found a runed translucent gate.
 23197 | Orc:1    | Found a runed translucent gate.
 23199 | Orc:1    | Noticed a merfolk impaler
 23201 | Orc:1    | Noticed kae's ghost (journeyman GrEE)
 23204 | Orc:1    | Found an iron altar of Okawaru.
 23667 | Orc:2    | Reached skill level 5 in Hexes
 23667 | Orc:2    | Reached XP level 13. HP: 103/103 MP: 15/25
 23885 | Orc:2    | Gained mutation: You are missing an eye, making it more
                  | difficult to aim. [Ru sacrifice]
 23885 | Orc:2    | Reached ****** piety under Ru
 24020 | Orc:2    | Found Fyaraoni's Assorted Antiques.
 24020 | Orc:2    | Found Tum Kiu's Assorted Antiques.
 24021 | Orc:2    | Found Hacati Juvyf's Book Emporium.
 24021 | Orc:2    | Found Meaps's Armour Shoppe.
 24028 | Orc:2    | Bought a shiny lead wand for 104 gold pieces
 24028 | Orc:2    | Bought an amethyst potion for 23 gold pieces
 24028 | Orc:2    | Bought a scroll labelled SUR NUTAHOME for 26 gold pieces
 24040 | Orc:2    | Bought a metallic golden potion for 19 gold pieces
 24040 | Orc:2    | Bought an amethyst potion for 19 gold pieces
 24040 | Orc:2    | Bought a runed helmet for 165 gold pieces
 24063 | Orc:2    | Bought a +2 pair of gloves of strength for 215 gold pieces
 24077 | Orc:2    | Bought a book of Touch for 308 gold pieces
 24077 | Orc:2    | Bought a book of Misfortune for 392 gold pieces
 24080 | Orc:2    | Bought a scroll of identify for 52 gold pieces
 24080 | Orc:2    | Bought a potion of haste for 260 gold pieces
 24080 | Orc:2    | Bought an opal ring for 130 gold pieces
 24080 | Orc:2    | Bought a scroll of blinking for 195 gold pieces
 24102 | Orc:2    | Bought a +1 buckler of protection for 165 gold pieces
 24281 | Orc:2    | Learned a level 3 spell: Confusing Touch
 24357 | D:10     | Entered Level 10 of the Dungeon
 24485 | D:10     | Found Diklecka's Book Shoppe.
 24849 | D:10     | Reached skill level 1 in Shields
 24966 | D:10     | Identified the +1 buckler of the Mind {+Inv Str+5}
 25819 | D:12     | Noticed Snorg
 25924 | D:12     | Killed Snorg
 26071 | D:12     | Found a shadowy altar of Dithmenos.
 26578 | D:13     | Found a frozen archway.
 26631 | IceCv    | Entered an ice cave
 26834 | IceCv    | Noticed a quicksilver ooze
 26838 | IceCv    | Killed a quicksilver ooze
 26839 | IceCv    | Reached skill level 11 in Stealth
 27510 | IceCv    | Noticed an azure jelly
 27516 | IceCv    | Noticed an azure jelly
 27518 | IceCv    | Killed an azure jelly
 27530 | IceCv    | Killed an azure jelly
 27593 | IceCv    | Got the ring of Due Proportion {Ice *Corrode rPois rN+
                  | Dex+3}
 27597 | IceCv    | Got the +7 dagger of Sezomado {freeze, rElec rF- Int+2
                  | SInv}
 27599 | IceCv    | Identified the +1 pair of boots of Ignis's Esteem {Rampage
                  | Fly rF+ rCorr}
 27602 | IceCv    | Got the +1 short sword of Corporal Punishment {freeze,
                  | Will+ Int+2}
 28033 | D:13     | Found a gate to the Vaults.
 28183 | D:13     | Reached skill level 5 in Shields
 28561 | D:13     | Reached skill level 5 in Dodging
 28581 | D:13     | Reached skill level 12 in Stealth
 28581 | D:13     | Reached XP level 14. HP: 105/108 MP: 22/26
 28834 | D:13     | Identified a scroll of acquirement
 28834 | D:13     | Acquired 716 gold pieces
 28914 | D:13     | Reached skill level 10 in Hexes
 29146 | D:10     | Bought Great Wizards, Vol. II for 418 gold pieces
 29146 | D:10     | Bought a book of Geomancy for 198 gold pieces
 29149 | D:10     | Learned a level 2 spell: Passwall
 29353 | D:14     | Found an opulent altar of Gozag.
 29356 | D:14     | Found Gozag's Platinum Reserve.
 29587 | D:14     | Reached skill level 13 in Stealth
 30002 | D:14     | Reached skill level 10 in Short Blades
 30239 | D:14     | Learned a level 5 spell: Borgnjor's Vile Clutch
 30265 | D:15     | Entered Level 15 of the Dungeon
 30551 | D:15     | Found a shimmering altar of Xom.
 30799 | D:15     | Reached skill level 14 in Stealth
 30961 | D:15     | Found a staircase to the Depths.
 31263 | Spider:1 | Entered Level 1 of the Spider Nest
 31958 | Spider:2 | Noticed Asterion
 31995 | Spider:2 | Killed Asterion
 31996 | Spider:2 | Reached XP level 15. HP: 115/115 MP: 9/27
 32002 | Spider:2 | Noticed Donald
 32285 | Spider:2 | Killed Donald
 32698 | Spider:3 | Reached skill level 10 in Necromancy
 33590 | Spider:3 | Reached skill level 10 in Earth Magic
 33959 | Spider:4 | Entered Level 4 of the Spider Nest
 35374 | Spider:4 | Gained mutation: You are weak. (Str -2) [you]
 35488 | Spider:4 | Got a gossamer rune of Zot
 36143 | Swamp:1  | Entered Level 1 of the Swamp
 36148 | Swamp:1  | Reached XP level 16. HP: 107/114 MP: 20/29
 36866 | Swamp:2  | Noticed Mlioglotl
 36940 | Swamp:2  | Reached skill level 10 in Spellcasting
 36969 | Swamp:2  | You are sucked into a shaft and drop 1 floor!
 37035 | Swamp:3  | Noticed Bai Suzhen
 37372 | Swamp:2  | Reached skill level 10 in Dodging
 37704 | Swamp:2  | Reached skill level 15 in Stealth
 37717 | Swamp:2  | Killed Mlioglotl
 37797 | Swamp:2  | Reached skill level 16 in Stealth
 38255 | Swamp:3  | Noticed Louise
 38266 | Swamp:3  | Killed Louise
 38438 | Swamp:3  | Killed Bai Suzhen
 38439 | Swamp:3  | Noticed Mara
 38604 | Swamp:3  | Noticed PaperRat's illusion
 38614 | Swamp:3  | Killed Mara
 38643 | Swamp:4  | Entered Level 4 of the Swamp
 39940 | Swamp:4  | Got a decaying rune of Zot
 40282 | Orc:1    | Killed kae's ghost
 40400 | Elf:1    | Entered Level 1 of the Elven Halls
 40403 | Elf:1    | Reached XP level 17. HP: 126/127 MP: 31/31
 40514 | Elf:1    | Found Keydez's Armour Shoppe.
 40846 | Elf:1    | Noticed Frances
 40850 | Elf:1    | Killed Frances
 41350 | Elf:2    | Found Xeocugos's Antique Weapon Shop.
 41855 | Elf:2    | Found a runed translucent gate.
 41855 | Elf:2    | Found a runed translucent gate.
 41855 | Elf:2    | Found a runed translucent gate.
 42247 | Elf:2    | Bought a fading dagger for 273 gold pieces
 42247 | Elf:2    | Identified the +3 dagger "Cocygevits" {drain, rElec} (You
                  | bought it in a shop on level 2 of the Elven Halls)
 42247 | Elf:2    | Bought a brightly glowing quick blade for 780 gold pieces
 42247 | Elf:2    | Identified the +8 quick blade "Epreym" {heavy, Contam rC+
                  | MP+9 Stlth+} (You bought it in a shop on level 2 of the
                  | Elven Halls)
 42247 | Elf:2    | Bought a runed dagger for 195 gold pieces
 42272 | Elf:2    | Learned a level 7 spell: Enfeeble
 42277 | Elf:3    | Entered Level 3 of the Elven Halls
 42370 | Elf:3    | Identified the ring of Jin Zuoq {rF++ rN+ rCorr Str-2}
 42420 | Elf:3    | Found a runed translucent gate.
 42421 | Elf:3    | Found a runed translucent gate.
 42421 | Elf:3    | Found a runed translucent gate.
 42421 | Elf:3    | Noticed a tentacled monstrosity
 42428 | Elf:3    | Noticed a tentacled monstrosity
 42433 | Elf:3    | Noticed a tentacled monstrosity
 42541 | Elf:3    | Found Otiebu's Assorted Antiques.
 42876 | Elf:3    | Reached skill level 15 in Hexes
 42981 | Elf:3    | Identified the ring "Fepatagh" {Fly rN+ Will+ Str-5 Int+3}
 42982 | Elf:3    | Identified the amulet "Tuckac" {Spirit Str+3}
 43143 | Elf:3    | Identified the ring of Acsu {Ice Fly SInv Stlth+}
 43311 | Elf:3    | Found the brooch of Shielding {Spirit SH+8}
 43382 | Elf:3    | Got the Treatise on Corpses and Stones
 44025 | Elf:3    | Reached XP level 18. HP: 107/125 MP: 24/33
 44039 | Elf:3    | Learned a level 4 spell: Dispel Undead
 44054 | Elf:3    | Found a runed translucent gate.
 44054 | Elf:3    | Found a runed translucent gate.
 44062 | Elf:3    | Found a runed translucent gate.
 44070 | Elf:3    | Noticed Golieps's ghost (adept DgGl)
 44103 | Elf:3    | Gained mutation: You are vulnerable to cold. (rC-) [a
                  | cacodemon]
 44108 | Elf:3    | Killed Golieps's ghost
 44133 | Elf:3    | Identified the +2 pair of boots of Dyaruwerut {Str+2}
 44177 | Elf:3    | Lost mutation: You are vulnerable to cold. (rC-) [potion of
                  | mutation]
 44177 | Elf:3    | Lost mutation: You are weak. (Str -2) [potion of mutation]
 44177 | Elf:3    | Gained mutation: You are frail. (-10% HP) [potion of
                  | mutation]
 44178 | Elf:3    | Lost mutation: You are frail. (-10% HP) [potion of
                  | mutation]
 44178 | Elf:3    | Gained mutation: You are clumsy. (Dex -2) [potion of
                  | mutation]
 44179 | Elf:3    | Lost mutation: You are clumsy. (Dex -2) [potion of
                  | mutation]
 44179 | Elf:3    | Gained mutation: Your spells are a little easier to cast,
                  | but a little less powerful. [potion of mutation]
 44179 | Elf:3    | Gained mutation: You possess an exceptional clarity of
                  | mind. [potion of mutation]
 44179 | Elf:3    | Lost mutation: You possess an exceptional clarity of mind.
                  | [potion of mutation]
 44204 | Elf:3    | Lost mutation: Your spells are a little easier to cast, but
                  | a little less powerful. [potion of mutation]
 44204 | Elf:3    | Gained mutation: You occasionally lose the ability to drink
                  | potions when taking damage. [potion of mutation]
 44204 | Elf:3    | Gained mutation: You are frail. (-10% HP) [potion of
                  | mutation]
 44204 | Elf:3    | Gained mutation: Your spells are a little harder to cast,
                  | but a little more powerful. [potion of mutation]
 44205 | Elf:3    | Lost mutation: You are frail. (-10% HP) [potion of
                  | mutation]
 44205 | Elf:3    | Lost mutation: You occasionally lose the ability to drink
                  | potions when taking damage. [potion of mutation]
 44205 | Elf:3    | Lost mutation: Your spells are a little harder to cast, but
                  | a little more powerful. [potion of mutation]
 44205 | Elf:3    | Gained mutation: You are frail. (-10% HP) [potion of
                  | mutation]
 44205 | Elf:3    | Gained mutation: You are occasionally teleported next to
                  | monsters. [potion of mutation]
 44205 | Elf:3    | Gained mutation: You are partially covered in iridescent
                  | scales. (AC +2) [potion of mutation]
 44205 | Elf:3    | Lost mutation: You are frail. (-10% HP) [potion of
                  | mutation]
 44206 | Elf:3    | Lost mutation: You are occasionally teleported next to
                  | monsters. [potion of mutation]
 44206 | Elf:3    | Lost mutation: You are partially covered in iridescent
                  | scales. (AC +2) [potion of mutation]
 44206 | Elf:3    | Gained mutation: You sometimes lose your temper in combat.
                  | [potion of mutation]
 44206 | Elf:3    | Gained mutation: Your magical capacity is low. (-10% MP)
                  | [potion of mutation]
 44206 | Elf:3    | Gained mutation: You are strong-willed. (Will+) [potion of
                  | mutation]
 44206 | Elf:3    | Gained mutation: You have sharp toenails. [potion of
                  | mutation]
 44207 | Elf:3    | Lost mutation: Your magical capacity is low. (-10% MP)
                  | [potion of mutation]
 44207 | Elf:3    | Lost mutation: You are strong-willed. (Will+) [potion of
                  | mutation]
 44207 | Elf:3    | Gained mutation: You have a pair of small antennae on your
                  | head. [potion of mutation]
 44207 | Elf:3    | Gained mutation: You have a pair of antennae on your head.
                  | [potion of mutation]
 44208 | Elf:3    | Lost mutation: You have a pair of antennae on your head.
                  | [potion of mutation]
 44208 | Elf:3    | Lost mutation: You have sharp toenails. [potion of
                  | mutation]
 44208 | Elf:3    | Lost mutation: You have a pair of small antennae on your
                  | head. [potion of mutation]
 44208 | Elf:3    | Gained mutation: You occasionally lose the ability to read
                  | scrolls when taking damage. [potion of mutation]
 44208 | Elf:3    | Gained mutation: You are somewhat resistant to further
                  | mutation. [potion of mutation]
 44209 | Elf:3    | Lost mutation: You are somewhat resistant to further
                  | mutation. [potion of mutation]
 44209 | Elf:3    | Lost mutation: You sometimes lose your temper in combat.
                  | [potion of mutation]
 44209 | Elf:3    | Lost mutation: You occasionally lose the ability to read
                  | scrolls when taking damage. [potion of mutation]
 44209 | Elf:3    | Gained mutation: You are partially covered in iridescent
                  | scales. (AC +2) [potion of mutation]
 44209 | Elf:3    | Gained mutation: You are frail. (-10% HP) [potion of
                  | mutation]
 44209 | Elf:3    | Gained mutation: You are agile. (Dex +4, Str/Int -1)
                  | [potion of mutation]
 44210 | Elf:3    | Lost mutation: You are agile. (Dex +4, Str/Int -1) [potion
                  | of mutation]
 44210 | Elf:3    | Lost mutation: You are frail. (-10% HP) [potion of
                  | mutation]
 44210 | Elf:3    | Gained mutation: You occasionally lose the ability to read
                  | scrolls when taking damage. [potion of mutation]
 44210 | Elf:3    | Gained mutation: You have sharp toenails. [potion of
                  | mutation]
 44211 | Elf:3    | Lost mutation: You are partially covered in iridescent
                  | scales. (AC +2) [potion of mutation]
 44211 | Elf:3    | Lost mutation: You have sharp toenails. [potion of
                  | mutation]
 44211 | Elf:3    | Gained mutation: Your flesh is cold resistant. (rC+)
                  | [potion of mutation]
 44211 | Elf:3    | Gained mutation: You are partially covered in large bone
                  | plates. (SH +4) [potion of mutation]
 44211 | Elf:3    | Gained mutation: You have hidden genetic defects. [potion
                  | of mutation]
 44211 | Elf:3    | Gained mutation: You have sharp toenails. [potion of
                  | mutation]
 44212 | Elf:3    | Lost mutation: You have sharp toenails. [potion of
                  | mutation]
 44212 | Elf:3    | Lost mutation: You are partially covered in large bone
                  | plates. (SH +4) [potion of mutation]
 44212 | Elf:3    | Gained mutation: You have a pair of small horns on your
                  | head. [potion of mutation]
 44213 | Elf:3    | Lost mutation: Your flesh is cold resistant. (rC+) [potion
                  | of mutation]
 44213 | Elf:3    | Lost mutation: You have a pair of small horns on your head.
                  | [potion of mutation]
 44213 | Elf:3    | Lost mutation: You have hidden genetic defects. [potion of
                  | mutation]
 44213 | Elf:3    | Gained mutation: You occasionally lose the ability to drink
                  | potions when taking damage. [potion of mutation]
 44213 | Elf:3    | Gained mutation: Armour fits poorly on your strangely
                  | shaped body. [potion of mutation]
 44213 | Elf:3    | Gained mutation: You are robust. (+10% HP) [potion of
                  | mutation]
 44214 | Elf:3    | Lost mutation: You occasionally lose the ability to drink
                  | potions when taking damage. [potion of mutation]
 44214 | Elf:3    | Lost mutation: You are robust. (+10% HP) [potion of
                  | mutation]
 44214 | Elf:3    | Gained mutation: Potions are less effective at restoring
                  | your health. [potion of mutation]
 44215 | Elf:3    | Lost mutation: Potions are less effective at restoring your
                  | health. [potion of mutation]
 44215 | Elf:3    | Lost mutation: Armour fits poorly on your strangely shaped
                  | body. [potion of mutation]
 44215 | Elf:3    | Lost mutation: You occasionally lose the ability to read
                  | scrolls when taking damage. [potion of mutation]
 44215 | Elf:3    | Gained mutation: You expend magic power (3 MP) to
                  | strengthen your wands. [potion of mutation]
 44215 | Elf:3    | Gained mutation: You possess an exceptional clarity of
                  | mind. [potion of mutation]
 44386 | Vaults:1 | Entered Level 1 of the Vaults
 44470 | Vaults:1 | Found a flickering gateway to a bazaar.
 44479 | Bazaar   | Entered a bazaar
 44479 | Bazaar   | Found Tutuhadi's Assorted Antiques.
 44479 | Bazaar   | Found Upruniq's Magic Scroll Boutique.
 44479 | Bazaar   | Found Ontu's Antique Armour Shoppe.
 44479 | Bazaar   | Found Keuleh's Distillery.
 44481 | Bazaar   | Found Qeidghid's Book Emporium.
 44481 | Bazaar   | Found Uzurch Pogi's Book Shop.
 44488 | Bazaar   | Bought a potion of haste for 80 gold pieces
 44488 | Bazaar   | Bought a potion of heal wounds for 40 gold pieces
 44488 | Bazaar   | Bought a potion of mutation for 64 gold pieces
 44491 | Bazaar   | Bought a scroll of immolation for 32 gold pieces
 44512 | Bazaar   | Bought Sif Muna's Compendium of the Atmosphere for 624 gold
                  | pieces
 44518 | Bazaar   | Bought a scroll of magic mapping for 127 gold pieces
 44518 | Bazaar   | Bought a scroll of poison for 68 gold pieces
 44518 | Bazaar   | Bought a scroll of immolation for 68 gold pieces
 44518 | Bazaar   | Bought a potion of heal wounds for 85 gold pieces
 44523 | Bazaar   | Bought a scroll of brand weapon for 76 gold pieces
 44657 | Vaults:1 | Found a magical portal.
 44664 | WizLab   | Entered Lehudib's Moon Base
 44936 | WizLab   | Gained mutation: You are clumsy. (Dex -2) [a neqoxec]
 45289 | WizLab   | Identified the ring "Qacetrotz" {rPois Str+4 Int+3 Dex+6
                  | Stlth-}
 45455 | WizLab   | Gained mutation: You occasionally lose the ability to drink
                  | potions when taking damage. [a cacodemon]
 45612 | WizLab   | Found a transporter.
 46038 | WizLab   | Found a transporter.
 46232 | WizLab   | Got Lehudib's Almanac of Transmuted Terrain
 46298 | WizLab   | Identified the +2 helmet of Gooh {rN+ rCorr Str+5}
 47067 | Vaults:1 | Reached skill level 10 in Evocations
 47743 | Vaults:2 | Reached XP level 19. HP: 152/152 MP: 31/35
 48025 | Vaults:2 | Reached skill level 17 in Stealth
 48801 | Vaults:2 | Found Osha's Assorted Antiques.
 48810 | Vaults:2 | Bought a scroll of poison for 160 gold pieces
 48852 | Vaults:2 | Found a staircase to the Crypt.
 48852 | Vaults:2 | Found an ancient bone altar of Kikubaaqudgha.
 49917 | Vaults:3 | Reached skill level 18 in Stealth
 50249 | Vaults:3 | Identified the +4 scale mail of Anarchy {-Tele Rampage +Inv
                  | Str+4 Dex+2}
 50796 | Vaults:3 | Reached skill level 15 in Fighting
 51435 | Vaults:4 | Reached XP level 20. HP: 162/162 MP: 33/37
 51964 | Vaults:4 | Reached skill level 19 in Stealth
 52932 | Depths:1 | Entered Level 1 of the Depths
 53332 | Depths:1 | You are sucked into a shaft and drop 1 floor!
 53332 | Depths:2 | Found a one-way gate leading to the halls of Pandemonium.
 53389 | Depths:2 | Found a one-way gateway to a ziggurat.
 53804 | Depths:1 | Found a gateway to Hell.
 54353 | Depths:1 | Reached skill level 20 in Stealth
 54354 | Depths:1 | Reached skill level 15 in Dodging
 54970 | Depths:2 | Reached XP level 21. HP: 164/171 MP: 20/39
 56543 | Depths:3 | Found a one-way gate to the infinite horrors of the Abyss.
 56579 | Depths:3 | Found Zoeng's Book Shoppe.
 56583 | Depths:3 | Reached skill level 1 in Long Blades
 56883 | Depths:3 | Noticed a golden dragon
 56900 | Depths:3 | Killed a golden dragon
 57142 | Depths:3 | Reached skill level 5 in Long Blades
 57499 | Depths:3 | Found a radiant altar of Vehumet.
 57957 | Depths:3 | Found the +8 whip "Snakebite" {venom, curare, rPois}
 57958 | Depths:3 | Noticed a golden dragon
 57971 | Depths:3 | Killed a golden dragon
 58055 | Depths:3 | Identified the +3 dagger of the Crafting Shrike {drain,
                  | rF++ rCorr Str-4 Dex+2}
 58178 | Depths:4 | Entered Level 4 of the Depths
 58256 | Depths:4 | Reached XP level 22. HP: 162/182 MP: 19/40
 58995 | Depths:4 | Found a gate to the Realm of Zot.
 59011 | Depths:4 | Reached skill level 15 in Air Magic
 59599 | Slime:1  | Entered Level 1 of the Pits of Slime
 59609 | Slime:1  | Reached skill level 10 in Long Blades
 59853 | Slime:5  | Entered Level 5 of the Pits of Slime
 60315 | Slime:5  | Noticed the Royal Jelly
 60961 | Slime:5  | Killed the Royal Jelly
 61325 | Slime:5  | Identified the +0 shortbow of Eternal Vigilance {flame,
                  | Dex+5}
 61329 | Slime:5  | Got a slimy rune of Zot
 61408 | Slime:5  | Identified the ring "Puisiuc" {Fly Will+ Str+6}
 61451 | Slime:5  | Acquired the ring of Equilibrium {rElec rCorr EV+5 Int+6
                  | Slay-2}
 61783 | Vaults:2 | Learned a level 8 spell: Maxwell's Capacitive Coupling
 61785 | Crypt:1  | Entered Level 1 of the Crypt
 62951 | Crypt:1  | Found the +9 staff of Olgreb {rPois∞}
 63355 | Crypt:1  | Identified the +7 scimitar "Hulk" {venom, Drain rF++ Str+4}
 63355 | Crypt:1  | Identified the amulet "Wumiej" {Reflect +Blink rPois SH+5}
 63355 | Crypt:1  | Noticed Jory
 63362 | Crypt:1  | Killed Jory
 63563 | Crypt:1  | Identified the +1 longbow of the Tomato {antimagic, rElec
                  | Str+3 Int-3}
 63567 | Crypt:1  | Identified the +4 sling of the Briny Deep {elec, rC+ Will+
                  | Str+6}
 64216 | Crypt:2  | Reached XP level 23. HP: 185/186 MP: 41/41
 64912 | Crypt:2  | Noticed Boris
 64918 | Crypt:2  | Killed Boris
 65240 | Crypt:3  | Entered Level 3 of the Crypt
 65439 | Crypt:3  | Found a staircase to the Tomb.
 65657 | Crypt:3  | Reached skill level 15 in Spellcasting
 65742 | Crypt:3  | Found an ancient bone altar of Kikubaaqudgha.
 66434 | Crypt:3  | Noticed an ancient lich
 66449 | Crypt:3  | Killed an ancient lich
 66498 | Crypt:3  | Identified the ring "Pyann" {rF+ rC+ rN+}
 66498 | Crypt:3  | Identified the amulet of Urhil {Harm rElec rN++ Regen+}
 66498 | Crypt:3  | Identified the ring of Waej Xes {rF- rC- rN+ Dex+8 SInv}
 66656 | Crypt:2  | Found an ancient bone altar of Kikubaaqudgha.
 66959 | Crypt:3  | Learned a level 2 spell: Blink
 67314 | Elf:3    | Bought a scroll of enchant armour for 165 gold pieces
 67314 | Elf:3    | Bought 2 potions of haste for 440 gold pieces
 67314 | Elf:3    | Bought a glowing dagger for 110 gold pieces
 67592 | Depths:3 | Bought a manual of Stealth for 1360 gold pieces
 67634 | Zot:1    | Entered Level 1 of the Realm of Zot
 67686 | Zot:1    | Reached skill level 1 in Translocations
 67968 | Zot:1    | Identified the +3 war axe of Zigeongi {drain, rN+ Str+6
                  | Int-3}
 68322 | Zot:1    | Reached skill level 21 in Stealth
 68365 | Zot:1    | Reached XP level 24. HP: 191/198 MP: 18/43
 68998 | Zot:2    | Reached skill level 22 in Stealth
 69474 | Zot:2    | Reached skill level 23 in Stealth
 69828 | Zot:2    | You are sucked into a shaft and drop 1 floor!
 70082 | Zot:3    | Found a runed translucent gate.
 70082 | Zot:3    | Found a runed translucent gate.
 70082 | Zot:3    | Found a runed translucent gate.
 70087 | Zot:3    | Noticed Rarotz's ghost (legendary DjCj)
 70088 | Zot:3    | Found an opulent altar of Gozag.
 70091 | Zot:3    | Found Vockuemp's Assorted Antiques.
 70190 | Zot:3    | Reached skill level 24 in Stealth
 70463 | Zot:3    | Acquired the amulet "Ystrea" {RegenMP rPois}
 70915 | Zot:3    | Killed Rarotz's ghost
 70931 | Zot:3    | Bought a scroll of blinking for 262 gold pieces
 70931 | Zot:3    | Bought a potion of invisibility for 280 gold pieces
 70931 | Zot:3    | Bought a potion of ambrosia for 280 gold pieces
 70931 | Zot:3    | Bought a potion of cancellation for 280 gold pieces
 71084 | Zot:4    | Reached skill level 25 in Stealth
 71159 | Zot:4    | Noticed an orb of fire
 71223 | Zot:4    | Found a transporter.
 71252 | Zot:4    | Found a transporter.
 71260 | Zot:4    | Noticed an orb of fire
 71260 | Zot:4    | Noticed an orb of fire
 71263 | Zot:4    | Killed an orb of fire
 71269 | Zot:4    | Killed an orb of fire
 71951 | Zot:5    | Entered Level 5 of the Realm of Zot
 72345 | Zot:5    | Noticed a dread lich
 72367 | Zot:5    | Killed a dread lich
 72432 | Zot:5    | Noticed an ancient lich
 72436 | Zot:5    | Killed an ancient lich
 72437 | Zot:5    | Reached skill level 26 in Stealth
 72482 | Zot:5    | Noticed an orb of fire
 72487 | Zot:5    | Killed an orb of fire
 72488 | Zot:5    | Reached XP level 25. HP: 203/208 MP: 31/43
 72498 | Zot:5    | Noticed an ancient lich
 72502 | Zot:5    | Killed an ancient lich
 72681 | Zot:5    | Noticed an orb of fire
 72687 | Zot:5    | Killed an orb of fire
 72973 | Zot:5    | Noticed an ancient lich
 72978 | Zot:5    | Killed an ancient lich
 72979 | Zot:5    | Noticed an orb of fire
 72984 | Zot:5    | Killed an orb of fire
 72988 | Zot:5    | Noticed an ancient lich
 72993 | Zot:5    | Killed an ancient lich
 72994 | Zot:5    | Noticed an orb of fire
 73010 | Zot:5    | Gained mutation: You are vulnerable to heat. (rF-) [an orb
                  | of fire]
 73017 | Zot:5    | Killed an orb of fire
 73207 | Zot:5    | Noticed an orb of fire
 73225 | Zot:5    | Killed an orb of fire
 73300 | Zot:5    | Reached skill level 27 in Stealth
 73642 | Zot:5    | Lost mutation: You are vulnerable to heat. (rF-) [potion of
                  | mutation]
 73642 | Zot:5    | Lost mutation: You occasionally lose the ability to drink
                  | potions when taking damage. [potion of mutation]
 73642 | Zot:5    | Lost mutation: You expend magic power (3 MP) to strengthen
                  | your wands. [potion of mutation]
 73642 | Zot:5    | Gained mutation: Your spells are a little easier to cast,
                  | but a little less powerful. [potion of mutation]
 73643 | Zot:5    | Got the Orb of Zot
 74124 | D:$      | Escaped with the Orb!

Illustrated notes

Levels and vault maps discovered:
D:1:      minmay_arrival_radiant_lines, layout_rooms, minmay_misc_feat_square,
          dreamdust_princess_corridor
D:2:      layout_basic
D:3:      layout_loops_ring, mainiacjoe_overflow_chevrons, minivault_5,
          minmay_cupped, uniq_ijyb
D:4:      layout_loops_ring, serial_forest, infiniplex_forest_fountain,
          infiniplex_forest_zigzag_2, infiniplex_forest_clump_diagonal,
          infiniplex_forest_end_3, infiniplex_forest_corner_1,
          infiniplex_forest_clump_tiny, infiniplex_forest_clump_C,
          infiniplex_forest_clump_diagonal
D:5:      layout_basic, mainiacjoe_overflow_24_doors, gup_sewer_entry_bubbles,
          chequers_avenue
D:6:      kennysheep_steamy, layout_rooms, okawaru_ov_weapons_minmay,
          minmay_temple_entry_statues, enter_ossuary_3, uniq_edmund,
          uniq_menkaure
D:7:      kb_forest_paths, layout_basic, bloody_trog, hangedman_feature_mirror,
          uniq_maggie, uniq_joseph
D:8:      minmay_polygon_palace, layout_gridville,
          grunt_temple_overflow_gold_and_silver,
          mainiacjoe_overflow_surrounded_room, uniq_grum
D:9:      layout_loops_cross, lair_entry_dummy, david_orc_3
D:10:     layout_roguey, serial_shops, nicolae_shop_waterfront,
          minmay_fountain_box
D:11:     layout_loops_ring
D:12:     layout_cave_pools, nicolae_dithmenos_shadow_blocks, uniq_snorg
D:13:     minmay_bloctagon, layout_basic, hangedman_vaults_entry_quadrant_bands,
          portal_ice_cave_rime
D:14:     layout_roguey, moated_statue, nicolae_gozag_zags_fifth_avenue
D:15:     gammafunk_enter_depths_forms, layout_cave_pools, lemuel_tele_altar,
          xom_confusion_cloud
Temple:   regret_index_temple_generic_petals
Lair:1:   layout_small_grid, gammafunk_ghost_grave, pdpol_lair_neglected_garden,
          infiniplex_staircase_pool, grunt_megastairs_3
Lair:2:   layout_layer_cave, skrybe_swamp_entry_bodies
Lair:3:   layout_hall_layers, nicolae_spider_entry_orb_guardian, worms_lemuel,
          serial_bayou_shore_a, grunt_megastairs_4, uniq_nessos
Lair:4:   layout_roguey, ldierk_geyser, uniq_josephine
Lair:5:   minmay_lair_end_frog_pond, layout_regular_city, slime_entry_1,
          gammafunk_lair_bear_cave
Swamp:1:  layout_falls_marsh, nicolae_swamp_trees_clearing,
          nicolae_swamp_bloodsuckers_inc
Swamp:2:  layout_falls_marsh, nicolae_swamp_round_clearing, uniq_mlioglotl
Swamp:3:  layout_basic_swamp, evilmike_swamp_ruin_house_5, uniq_bai_suzhen,
          uniq_louise, uniq_mara
Swamp:4:  swamp_icy, layout_basic_swamp, hangedman_swamp_blocks,
          nicolae_swamp_tree_designs
Spider:1: layout_spider_delve, nicolae_spider_jagged_tunnels
Spider:2: layout_spider_delve, uniq_donald, uniq_asterion
Spider:3: layout_spider_delve
Spider:4: grunt_spider_rune_parallel, nicolae_spider_webbed_stairs
Slime:1:  layout_caves
Slime:2:  layout_caves
Slime:3:  layout_caves
Slime:4:  layout_caves
Slime:5
Orc:1:    layout_diamond_mine, gammafunk_ghost_fury_of_okawaru
Orc:2:    st_orc_pillars, layout_caves, hangedman_feature_mirror
Elf:1:    eino_elf_arrival_sip, layout_geoelf_grid, serial_shops,
          nicolae_shop_behind_doors, kennysheep_underground_church, uniq_frances
Elf:2:    elven_hall_of_blades_hangedman_original
          [nicolae_blade_entry_hurt_lockers], layout_geoelf_octagon,
          serial_shops, shop, fountainhead, uniq_aizul, uniq_zenata
Elf:3:    grunt_elf_hall_branching, layout_geoelf_grid,
          ploomutoo_gammafunk_ghost_potion_laboratory, serial_shops, shop
Vaults:1: mu_enter_wizlab_2, nicolae_vaults_windows_and_doors_thing,
          nicolae_vaults_ninety_degrees, nicolae_vaults_shelves_hall,
          vaults_standard_mumra_lines, ontoclasm_vaults_loading_screen,
          nicolae_vaults_asterisk, ontoclasm_vaults_idyll,
          ontoclasm_vaults_ring_small, ontoclasm_vaults_pinch,
          layout_vaults_big_room, serial_shops, freezing_bzr
Vaults:2: grunt_vaults_swirl, hangedman_vaults_pinch,
          nicolae_vaults_diagonal_hallway_7, grunt_vaults_twisty,
          nicolae_vaults_mini_display_case, minmay_crypt_entry_necro_gods,
          vaults_mumra_hex, nicolae_vaults_shelves_hall,
          nicolae_vaults_rhombus_7, grunt_vaults_funnel, v_misc_19,
          layout_vaults_quadrants, serial_shops, nicolae_shop_overgrown_old_shop
Vaults:3: ontoclasm_vaults_spin, ontoclasm_vaults_misaligned,
          vaults_room_hangedman_quadrants, v_pattern_3,
          ontoclasm_vaults_ring_large, nicolae_vaults_stairing_the_circle,
          ontoclasm_vaults_decontamination, nicolae_vaults_puzzle_piece,
          vaults_mumra_lcd, ontoclasm_vaults_chip, nicolae_vaults_rhombus_6,
          layout_vaults_big_cross
Vaults:4: vaults_room_door_ring, nicolae_vaults_network_periphery,
          dpeg_vaults_monster_box, special_room_vaults [special_room_orc],
          vaults_room_semicircle, vaults_room_large_hall,
          ontoclasm_vaults_ring_square, v_misc_27, nicolae_vaults_network_s,
          v_misc_3, v_alt_pattern_4, v_misc_2, v_alt_pattern_4,
          ontoclasm_vaults_twist, v_misc_23, layout_vaults_ring
Crypt:1:  lemuel_vampire_tower, layout_chaotic_city, corner_web_ring,
          tombwall_bobbens, grunt_crypt_arrival_split
Crypt:2:  layout_rooms, weyrava_lich_vault, grunt_megastairs_2,
          lemuel_upstairs_altar
Crypt:3:  church_of_pain_bobbens, layout_chaotic_city
Depths:1: layout_gridlike, special_room [special_room_jelly],
          grunt_hell_entry_demonic_statue, serial_rivers,
          chequers_serial_rivers_micro_e, chequers_serial_rivers_small_b,
          chequers_serial_rivers_micro_e, chequers_serial_rivers_marsh,
          chequers_serial_rivers_room_b, minmay_holes, grunt_ministairs_2,
          minmay_misc_feat_tower, kennysheep_crisscross, grunt_decor_junction
Depths:2: thingy_vault, layout_small_grid, enter_ziggurat_c,
          nicolae_elyvilon_temple_path, hell_entry, pan_entry
Depths:3: gold_lair_mu, layout_basic, abyss_entry, basic_altar, hell_entry,
          special_room [special_room_mythical_zoo], serial_glass,
          glass_columns_c, glass_columns_b, glass_columns_a, glass_columns_b,
          glass_columns_a, glass_columns_b, glass_columns_c, glass_columns_b,
          rand_demon_pan_entry_4, serial_shops, shop
Depths:4: grunt_twist_and_shout, layout_basic, hell_entry
Zot:1:    layout_gridlike
Zot:2:    layout_gridlike
Zot:3:    layout_cellular_growth, ebering_ghost_gozag
Zot:4:    gammafunk_the_bubble [the_bubble_gammafunk_split],
          layout_twisted_circle, lemuel_lake_of_fire
Zot:5:    layout_misc_corridors

Skill      XL: |  1  2  3  4  5  6  7  8  9 10 11 12 13 14 15 16 17 18 19 20 21 22 23 24 25 |
---------------+----------------------------------------------------------------------------+-----
Fighting       | 1 2 3 4 5 6 7 8 9 10 11 12 13 14 15 16 17 18 19 20 | 20.0
Stealth        | 4 5 6 8 12 14 16 18 20 21 26 27 | 27.0
Necromancy     | 5 6 8 9 11 12 | 12.0
Spellcasting   | 3 5 6 7 8 9 10 11 12 13 14 16 | 16.0
Air Magic      | 2 5 7 8 10 12 14 18 20 21 22 | 22.0
Evocations     | 2 4 5 6 8 10 | 10.0
Maces & Flails | 2 |  2.0
Transmutations | 3 7 9 10 | 10.0
Earth Magic    | 3 7 8 9 10 | 10.0
Short Blades   | 6 9 10 | 10.0
Hexes          | 5 9 12 13 15 18 19 20 | 20.0
Poison Magic   | 3 1 |  3.0
Fire Magic     | 1 |  1.0
Shields        | 5 6 |  6.0
Dodging        | 5 6 9 10 12 13 15 16 17 | 17.5
Long Blades    | 8 12 | 12.8
Translocations | 2 3 |  3.0

Action                     |  1- 3 |  4- 6 |  7- 9 | 10-12 | 13-15 | 16-18 | 19-21 | 22-24 | 25-27 || total
---------------------------+-------+-------+-------+-------+-------+-------+-------+-------+-------++-------
  Melee: Club              |     5 |       |       |       |       |       |       |       |       ||     5
         Whip              |     2 |     8 |   101 |   313 |       |       |       |       |       ||   424
         Dagger            |       |     2 |     9 |   155 |   921 |   536 |  1153 |   681 |     3 ||  3460
         Bite              |       |     1 |    12 |    67 |   117 |    91 |   224 |   152 |     3 ||   667
         Unarmed           |       |     7 |    42 |     8 |       |       |       |       |       ||    57
         Punch             |       |       |     3 |     8 |       |       |       |       |       ||    11
         Short sword       |       |       |       |       |       |     9 |       |       |       ||     9
         Demon blade       |       |       |       |       |       |       |       |    88 |     6 ||    94
         Staff             |       |       |       |       |       |       |       |     2 |       ||     2
   Fire: Sling             |    65 |    62 |    18 |    12 |       |       |       |       |       ||   157
  Throw: Stone             |     2 |       |       |       |       |       |       |       |       ||     2
         Dart              |       |     3 |    24 |    45 |    61 |    33 |     6 |     5 |       ||   177
         Throwing net      |       |       |       |       |       |       |       |     1 |       ||     1
   Cast: Necrotise         |    37 |    65 |    70 |    30 |       |       |       |       |       ||   202
         Vampiric Draining |       |     5 |    17 |    48 |    14 |       |       |       |       ||    84
         Airstrike         |       |       |    37 |   218 |   230 |   166 |    57 |   176 |     9 ||   893
         Static Discharge  |       |       |     1 |    51 |     4 |       |       |       |       ||    56
         Petrify           |       |       |       |    46 |   248 |    59 |    17 |    20 |     2 ||   392
         Swiftness         |       |       |       |     1 |       |       |       |       |       ||     1
         Confusing Touch   |       |       |       |       |    69 |    34 |    92 |    60 |       ||   255
         Yara's Violent Un |       |       |       |       |    12 |    43 |    37 |    19 |       ||   111
         Ignite Poison     |       |       |       |       |     8 |     5 |     5 |     1 |       ||    19
         Borgnjor's Vile C |       |       |       |       |    72 |   182 |   161 |   171 |    13 ||   599
         Passwall          |       |       |       |       |    32 |     7 |     9 |     9 |     3 ||    60
         Enfeeble          |       |       |       |       |       |    10 |    69 |    37 |    11 ||   127
         Dispel Undead     |       |       |       |       |       |     2 |    10 |   133 |       ||   145
         Maxwell's Capacit |       |       |       |       |       |       |       |    63 |    30 ||    93
         Blink             |       |       |       |       |       |       |       |     3 |       ||     3
 Invoke: Sacrifice Essence |       |       |     1 |       |       |       |       |       |       ||     1
         Sacrifice Love    |       |       |       |     1 |       |       |       |       |       ||     1
         Draw Out Power    |       |       |       |     1 |     7 |     4 |     2 |     6 |       ||    20
         Sacrifice Durabil |       |       |       |     1 |       |       |       |       |       ||     1
         Sacrifice Experie |       |       |       |     1 |       |       |       |       |       ||     1
         Sacrifice an Eye  |       |       |       |       |     1 |       |       |       |       ||     1
         Power Leap        |       |       |       |       |     2 |     1 |       |     2 |     1 ||     6
         Apocalypse        |       |       |       |       |     1 |     3 |     2 |     2 |       ||     8
Ability: Evoke the Staff o |       |       |       |       |       |       |       |     3 |       ||     3
  Evoke: Wand              |       |       |    10 |     2 |    12 |    43 |     5 |     3 |     2 ||    77
         Piece from Xom's  |       |       |       |       |    11 |     7 |       |       |       ||    18
         Condenser vane    |       |       |       |       |     5 |     3 |     7 |     4 |     1 ||    20
         Tin of tremorston |       |       |       |       |       |       |     7 |     7 |       ||    14
         Lightning rod     |       |       |       |       |       |       |       |     2 |       ||     2
    Use: Scroll            |     4 |     5 |    12 |     7 |    14 |    13 |     7 |    21 |     1 ||    84
         Potion            |       |     4 |     3 |     4 |     1 |    20 |     2 |     9 |     3 ||    46
   Stab: Sleeping          |       |     2 |     2 |     4 |    50 |    75 |    61 |    84 |       ||   278
         Paralysed         |       |       |     8 |       |     4 |     1 |     5 |     5 |       ||    23
         Invisible         |       |       |       |     4 |    11 |     8 |    73 |    26 |     3 ||   125
         Petrified         |       |       |       |    68 |   180 |    39 |    14 |    11 |       ||   312
         Confused          |       |       |       |       |    61 |    35 |    96 |    63 |       ||   255
         Petrifying        |       |       |       |       |    15 |     7 |     1 |     1 |       ||    24
         Distracted        |       |       |       |       |    10 |     2 |     8 |     8 |     1 ||    29
         Fleeing           |       |       |       |       |     1 |       |       |       |       ||     1
 Armour: Robe              |    13 |    16 |    60 |    28 |    10 |    81 |   171 |   137 |     2 ||   518
         Skin              |       |     9 |   191 |    12 |       |       |       |       |       ||   212
         Steam dragon scal |       |       |    17 |   134 |   191 |       |       |       |       ||   342
  Dodge: Dodged            |    12 |    11 |   167 |   296 |   361 |   209 |   554 |   462 |    15 ||  2087
  Block: Buckler           |       |       |       |       |   158 |    94 |   253 |   239 |     3 ||   747

Table legend: (Time is in decaauts)
 A = Elapsed time spent in this place.
 B = Non-inter-level travel time spent in this place.
 C = Inter-level travel time spent in this place.
 D = Time resting spent in this place.
 E = Time spent auto-exploring this place.
 F = Levels seen in this place.
 G = Mean time per level.
                   A        B        C        D        E       F      G
               +--------+--------+--------+--------+--------+-----+--------+
         Total |  72633 |  65118 |   7515 |  16363 |  17051 |  60 | 1210.6 |
       Dungeon |  19051 |  16303 |   2748 |   4036 |   3821 |  15 | 1270.1 |
        Temple |    244 |    207 |     37 |      0 |    193 |   1 |  244.0 |
          Lair |  10024 |   8766 |   1258 |   3231 |   1822 |   5 | 2004.8 |
         Swamp |   3821 |   3523 |    298 |    760 |    988 |   4 |  955.2 |
   Spider Nest |   4486 |   4195 |    291 |    926 |    917 |   4 | 1121.5 |
    Slime Pits |   1308 |   1222 |     86 |    549 |      0 |   5 |  261.6 |
  Orcish Mines |   2704 |   2078 |    626 |    382 |    338 |   2 | 1352.0 |
   Elven Halls |   4015 |   3582 |    433 |    884 |   1098 |   3 | 1338.3 |
        Vaults |   6601 |   5982 |    619 |    579 |   3148 |   4 | 1650.2 |
         Crypt |   5052 |   4679 |    373 |    942 |   1331 |   3 | 1684.0 |
        Depths |   6363 |   5903 |    460 |   1637 |   1411 |   4 | 1590.8 |
           Zot |   6019 |   5738 |    281 |   1665 |   1983 |   5 | 1203.8 |
        Bazaar |     53 |     53 |      0 |      0 |      0 |   1 |   53.0 |
         Sewer |    130 |    130 |      0 |     26 |      0 |   1 |  130.0 |
       Ossuary |    111 |    111 |      0 |      0 |      0 |   1 |  111.0 |
      Ice Cave |   1011 |   1011 |      0 |    167 |      0 |   1 | 1011.0 |
        Wizlab |   1632 |   1632 |      0 |    578 |      0 |   1 | 1632.0 |
               +--------+--------+--------+--------+--------+-----+--------+

Top non-repeatable levels by time:
 Crypt:1: 2475 daAuts
  Lair:1: 2417 daAuts
  Lair:2: 2338 daAuts
  Lair:3: 2006 daAuts
   Orc:2: 1985 daAuts
     D:7: 1978 daAuts
   Elf:3: 1917 daAuts
Depths:1: 1906 daAuts
     D:9: 1879 daAuts
    D:13: 1818 daAuts
Vaults:2: 1816 daAuts
     D:3: 1775 daAuts
  Lair:5: 1772 daAuts
Spider:4: 1749 daAuts
Vaults:4: 1735 daAuts
